 Seeded DCSS version 0.29.1-4-g47bece8355 (webtiles) character file.

Game seed: 1738030888014195264 (custom seed)

2751 kingsuperguy the Carver (level 9, -25/74 HPs)
             Began as a Barachi Fighter on Dec 2, 2022.
             Was an Initiate of the Shining One.
             Annihilated by an ogre
             ... wielding a +0 giant club
              (30 damage)
             ... on level 7 of the Dungeon.
             The game lasted 00:19:32 (8231 turns).

kingsuperguy the Carver (Barachi Fighter)           Turns: 8231, Time: 00:19:34

Health: -25/74     AC: 11    Str: 21    XL:     9   Next: 68%
Magic:  0/13       EV: 12    Int: 15    God:    the Shining One [......]
Gold:   407        SH:  8    Dex: 12    Spells: 13/13 levels left

rFire   . . .      SeeInvis .   a - +0 long sword
rCold   . . .      Faith    .   i - +2 buckler
rNeg    . . .      Spirit   +   b - +0 scale mail
rPois   .          Reflect  .   (no helmet)
rElec   .          Harm     .   o - +0 cloak
rCorr   .          Rampage  .   (no gloves)
Will    .....                   r - +0 pair of boots
Stlth   ..........              p - amulet of guardian spirit
HPRegen 0.22/turn               e - +6 ring of intelligence
MPRegen 0.13/turn               (no ring)

@: unable to hop, glowing, slow
A: amphibious, slowness 1, strong legs 1, +LOS
a: Hop, Renounce Religion


You were on level 7 of the Dungeon.
You worshipped the Shining One.
The Shining One was noncommittal.
You visited 2 branches of the dungeon, and saw 10 of its levels.

You collected 407 gold pieces.

Inventory:

Hand Weapons
 a - a +0 long sword (weapon)
Missiles
 w - a throwing net
Armour
 b - a +0 scale mail (worn)
 c - a +0 buckler
 i - a +2 buckler (worn)
 o - a +0 cloak (worn)
 r - a +0 pair of boots (worn)
 u - the +1 leather armour "Languuv" {rF- rN+ Stlth+}
   (You found it on level 4 of the Dungeon)

   rF:        It makes you vulnerable to fire.
   rN:        It protects you from negative energy.
   Stlth:     It makes you more stealthy.
Jewellery
 e - a +6 ring of intelligence (left hand)
 p - an amulet of guardian spirit (around neck)
Wands
 l - a wand of acid (6)
 s - a wand of charming (5)
Scrolls
 d - 2 scrolls of enchant weapon {unknown}
 h - 4 scrolls of identify
 k - 3 scrolls of blinking
 m - 2 scrolls of fear {unknown}
 n - a scroll of vulnerability {unknown}
 q - 2 scrolls of teleportation
 t - a scroll of immolation {unknown}
Potions
 f - a potion of curing
 g - 2 potions of magic
 j - a potion of cancellation
 v - 3 potions of brilliance
 x - a potion of attraction


   Skills:
 + Level 7.8 Fighting
 + Level 11.2 Long Blades
 + Level 8.7 Armour
 + Level 6.2 Dodging
 + Level 1.1 Stealth
 + Level 7.8 Shields
 * Level 2.8 Spellcasting


You had 13 spell levels left.
You didn't know any spells.
Your spell library contained the following spells:

 Spells                   Type           Power      Damage    Failure   Level
 Apportation              Tloc           4%         N/A       52%         1
 Magic Dart               Conj           8%         1d3       52%         1
 Necrotise                Necr           8%         1d4       52%         1
 Summon Small Mammal      Summ           8%         N/A       52%         1
 Call Imp                 Summ           2%         N/A       67%         2
 Mephitic Cloud           Conj/Pois/Air  2%         N/A       88%         3


Dungeon Overview and Level Annotations

Branches:
Dungeon (9/15)             Temple (1/1) D:6
   Lair: D:8-11         Orc: D:9-12

Altars:
Ashenzari
Cheibriados
Dithmenos
Elyvilon
Fedhas
Gozag
Hepliaklqana
Kikubaaqudgha
Makhleb
Nemelex Xobeh
Okawaru
Qazlal
Ru
Sif Muna
Trog
Uskayaw
Vehumet
Wu Jian
Xom
Yredelemnul
Zin
The Shining One

Shops:
D:1 (   D:3 =   D:4 *


Innate Abilities, Weirdness & Mutations

You are amphibious.
You cover ground slowly.
You can hop short distances.
You have an extended range of vision and can be seen from far away.


Message History

Items here: )) ††.
Items here: (( ))) ††.
You see here a +0 ring mail.
There is a stone staircase leading down here.
Found a stone.
Found a stone staircase leading down.
A two-headed ogre comes into view.
It is wielding a +0 giant club and a +0 giant spiked club.
Found 3 gold pieces.
The two-headed ogre shouts in stereo!
A two-headed ogre is nearby!
As you read the scroll of teleportation, it crumbles to dust.
You feel strangely unstable.
The two-headed ogre hits you but does no damage. x2
Your surroundings suddenly seem different.
Okay, then.
Okay, then.
Hop to where?
Press: ? - help, Dir - move target Boing!
The two-headed ogre hits you with a +0 giant club!!
The two-headed ogre barely misses you.
The two-headed ogre attacks as you move away!
The two-headed ogre completely misses you.
The two-headed ogre hits you with a +0 giant club.
The two-headed ogre attacks as you move away!
The two-headed ogre hits you but does no damage.
The two-headed ogre hits you with a +0 giant club!!
The two-headed ogre attacks as you move away!
The two-headed ogre misses you.
The two-headed ogre hits you with a +0 giant club!
* * * LOW HITPOINT WARNING * * *
There is a stone staircase leading up here.
You block the hornet's attack.
The two-headed ogre hits you with a +0 giant club!
* * * LOW HITPOINT WARNING * * *
The two-headed ogre hits you with a +0 giant club!
* * * LOW HITPOINT WARNING * * *
You climb upwards.
The ogre hits you with a +0 giant club!!
You die...

#........ #§....... .
##.####### ..
#####..## #...
#...O...# #...######
#.##.)### #......#
#####.#..##
#.##.#.###OO.....##
#.÷....@....###
#.####.###############
#...........##.......#
######.####.##.#####.#
...##......# #.#
######.#.#### #.#
#.#.# #.# #.#.# #.#
#.#.# #.#


You could see a two-headed ogre and an ogre.

Vanquished Creatures
  A two-headed ogre (D:9)
  Pikel (D:4)
  A steam dragon (D:9)
  A water moccasin (D:7)
  A black bear (D:6)
  A centaur (D:8)
  A kobold brigand (D:8)
  2 bullfrogs (D:6)
  A gnoll sergeant (D:9)
  4 howler monkeys
  Crazy Yiuf (D:2)
  A jelly (D:7)
  3 orc priests
  3 iguanas
  An orc wizard (D:4)
  Natasha (thrice) (D:3)
  Terence (D:2)
  14 gnolls
  5 adders
  2 white imps
  An ufetubus (D:6)
  5 worms
  4 dart slugs
  19 orcs
  8 bats
  2 bat zombies (D:5)
  6 endoplasms
  2 giant cockroaches (D:1)
  8 hobgoblins
  11 kobolds
  A quokka (D:3)
  5 ball pythons
  4 frilled lizards
  11 goblins
  5 rats
  A rat zombie (D:5)
  A spectral hobgoblin (D:6)
142 creatures vanquished.

Notes
Turn   | Place    | Note
-------+----------+-------------------------------------------
     0 | D:1      | kingsuperguy the Barachi Fighter began the quest for the
                  | Orb.
     0 | D:1      | Reached XP level 1. HP: 18/18 MP: 1/1
   101 | D:1      | Reached XP level 2. HP: 25/25 MP: 2/2
   101 | D:1      | Found a faded altar of an unknown god.
   312 | D:1      | Found Ismoeso's Weapon Emporium.
   572 | D:1      | Reached XP level 3. HP: 29/30 MP: 3/3
   573 | D:1      | Reached skill level 3 in Long Blades
  1180 | D:3      | Reached skill level 1 in Dodging
  1182 | D:3      | Reached XP level 4. HP: 31/37 MP: 2/4
  1724 | D:3      | Noticed Natasha
  1733 | D:3      | Killed Natasha
  1734 | D:3      | Reached skill level 4 in Long Blades
  1856 | D:3      | Found Ihunad's Jewellery Shop.
  1939 | D:3      | Reached XP level 5. HP: 42/42 MP: 5/5
  1992 | D:3      | Noticed Natasha
  2003 | D:3      | Killed Natasha
  2149 | D:3      | Noticed Natasha
  2156 | D:3      | Killed Natasha
  2516 | D:2      | Found a runed translucent door.
  2517 | D:2      | Noticed Crazy Yiuf
  2651 | D:2      | Noticed Terence
  2664 | D:2      | Killed Terence
  2990 | D:2      | Reached skill level 5 in Long Blades
  3106 | D:2      | You fall into a shaft and drop 1 floor!
  3522 | D:4      | Reached XP level 6. HP: 48/48 MP: 4/6
  3534 | D:4      | Found a shimmering blue altar of Sif Muna.
  3554 | D:4      | Reached skill level 10 in Long Blades
  3554 | D:4      | Reached skill level 5 in Dodging
  3554 | D:4      | Reached XP level 7. HP: 60/60 MP: 5/7
  3744 | D:4      | Identified the +1 leather armour "Languuv" {rF- rN+ Stlth+}
  3852 | D:4      | Found Bifryr's General Store.
  4052 | D:5      | Entered Level 5 of the Dungeon
  4320 | D:5      | Noticed Pikel
  4454 | D:4      | Killed Pikel
  4455 | D:4      | Reached skill level 1 in Spellcasting
  4455 | D:4      | Reached XP level 8. HP: 11/67 MP: 1/10
  5547 | D:6      | Found a staircase to the Ecumenical Temple.
  5582 | Temple   | Entered the Ecumenical Temple
  5756 | Temple   | Became a worshipper of the Shining One
  5952 | D:6      | Found an opulent altar of Gozag.
  6227 | D:6      | Found a hazy altar of Hepliaklqana.
  6411 | D:2      | Killed Crazy Yiuf
  6922 | D:5      | Found an ancient bone altar of Kikubaaqudgha.
  7085 | D:7      | Reached XP level 9. HP: 67/72 MP: 10/12
  7127 | D:7      | Noticed a hornet
  7141 | D:8      | Noticed a two-headed ogre
  7152 | D:8      | Found a basalt altar of Yredelemnul.
  7385 | D:9      | Noticed a two-headed ogre
  7396 | D:9      | Killed a two-headed ogre
  7397 | D:9      | Reached skill level 11 in Long Blades
  7397 | D:9      | Reached skill level 1 in Stealth
  7878 | D:9      | Found an ornate altar of the Wu Jian Council.
  8210 | D:8      | Noticed a two-headed ogre
  8231 | D:7      | Annihilated by an ogre

Illustrated notes

Levels and vault maps discovered:
D:1:      evilmike_arrival_crescent, layout_rooms,
          hellmonk_ecumenical_altar_zigzags, serial_shops, nicolae_shop_trees,
          grunt_decor_resistance
D:2:      layout_basic, uniq_terence, uniq_crazy_yiuf_cottage
D:3:      cheibrodos_greedy_goblins, layout_loops_ring, serial_shops,
          nicolae_shop_trees, uniq_natasha
D:4:      layout_rooms, led_sif_book, serial_shops, nicolae_take_the_stairs
D:5:      layout_basic, lemuel_zombie_altar_kikubaaqudgha, uniq_pikel
D:6:      layout_basic, nicolae_gozag_cash_rules_everything_around_me,
          nicolae_hepliaklqana_monster_ancestors, minmay_temple_entry_slanted,
          kennysheep_generic_room_14
D:7:      wander_guarded_unrand_ratskin, layout_basic
D:8:      layout_cave_pods, nicolae_overflow_hidden_temple, dpeg_oklobed_lair,
          serial_column_ruins, column_ruins_square_medium,
          column_ruins_open_small, column_ruins_columns_straight,
          column_ruins_open_medium, column_ruins_columns_corner,
          column_ruins_open_small, column_ruins_open_large,
          column_ruins_open_tiny, enter_bailey_5
D:9:      layout_basic, nicolae_wu_jian_wuxing_cycle
Temple:   nicolae_temple_elliptical

Skill      XL: |  1  2  3  4  5  6  7  8  9 |
---------------+----------------------------+-----
Long Blades    | 3 4 5 10 11 | 11.2
Armour         | 4 7 8 |  8.7
Dodging        | 1 5 6 |  6.2
Fighting       | 4 7 |  7.8
Shields        | 4 7 |  7.8
Spellcasting   | 1 2 |  2.8
Stealth        | 1 |  1.1

Action                   |  1- 3 |  4- 6 |  7- 9 || total
-------------------------+-------+-------+-------++-------
Melee: Long sword        |   118 |   159 |   340 ||   617
 Abil: Hop               |     1 |       |     1 ||     2
  Use: Potion            |     5 |     2 |     7 ||    14
       Scroll            |       |     3 |     4 ||     7
Armor: Scale mail        |    68 |    65 |   165 ||   298
       Skin              |    16 |     9 |       ||    25
Dodge: Dodged            |    68 |    74 |   172 ||   314
Block: Buckler           |    39 |    41 |   117 ||   197
